 Dungeon Crawl Stone Soup version 0.30.1-11-g7821555f0a (webtiles) character file.

Game seed: 9619415322817748539

1066 Peloso the Covered (level 8, -2/70 HPs)
             Began as a Minotaur Fighter on Oct 28, 2023.
             Was an Initiate of Okawaru.
             Slain by an ogre
             ... wielding a +0 giant club
              (21 damage)
             ... on level 5 of the Dungeon.
             The game lasted 00:07:54 (2993 turns).

Peloso the Covered (Minotaur Fighter)               Turns: 2993, Time: 00:07:54

Health: -2/70      AC: 11    Str: 21    XL:     8   Next: 7%
Magic:  7/7        EV:  8    Int:  5    God:    Okawaru [......]
Gold:   206        SH:  5    Dex: 12    Spells: 7/7 levels left

rFire   . . .        a - +0 long sword
rCold   . . .        d - +0 buckler
rNeg    . . .        s - +0 chain mail
rPois   .            (helmet restricted)
rElec   .            (no cloak)
rCorr   .            c - +0 pair of gloves
SInv    .            (no boots)
Will    .....        (no amulet) Stlth
                     (no ring)
HPRegen 0.31/turn    (no ring)
MPRegen 0.10/turn

%: no passive effects
@: no status effects
A: horns 2, retaliatory headbutt
a: Renounce Religion


You were on level 5 of the Dungeon.
You worshipped Okawaru.
Okawaru was noncommittal.
You visited 2 branches of the dungeon, and saw 6 of its levels.

You collected 206 gold pieces.

Inventory:

Hand Weapons
 a - a +0 long sword (weapon)
 b - a +1 whip of flaming
Armour
 c - a +0 pair of gloves (worn)
 d - a +0 buckler (worn)
 s - a +0 chain mail (worn)
Wands
 j - a wand of quicksilver (9)
 r - a wand of iceblast (7)
 t - a wand of polymorph (15)
Scrolls
 f - a scroll of enchant armour
 h - a scroll of magic mapping
 i - a scroll of blinking
 k - 3 scrolls of teleportation
 l - a scroll of amnesia
 m - 3 scrolls of enchant weapon {unknown}
 n - a scroll of noise
 o - 2 scrolls of poison
Potions
 g - a potion of brilliance
 p - a potion of flight
 q - a potion of curing


   Skills:
 + Level 6.1 Fighting
 + Level 6.6 Long Blades
 + Level 6.9 Armour
 + Level 1.6 Dodging
 + Level 6.1 Shields


You had 7 spell levels left.
You didn't know any spells.
Your spell library contained the following spells:

 Spells                   Type           Power      Damage    Failure   Level
 Blink                    Tloc           0%         N/A       99%         2
 Lesser Beckoning         Tloc           0%         N/A       99%         2
 Gell's Gravitas          Tloc           0%         N/A       100%        3
 Inner Flame              Hex/Fire       0%         N/A       100%        3
 Teleport Other           Tloc           0%         N/A       100%        3
 Flame Wave               Conj/Fire      0%         2d4       100%        4
 Manifold Assault         Tloc           0%         N/A       100%        4
 Sticky Flame             Conj/Fire      0%         2d3       100%        4
 Storm Form               Tmut/Air       0%         N/A       100%        7


Dungeon Overview and Level Annotations

Branches:
Dungeon (5/15)             Temple (1/1) D:4

Altars:
Dithmenos
Hepliaklqana
Makhleb
Okawaru
Ru


Innate Abilities, Weirdness & Mutations

You have a pair of horns on your head.
You reflexively headbutt those who attack you in melee.


Message History

You kill the centaur!
Okawaru accepts your kill.
You have reached level 8!
You feel agile.
You see here a +0 shortbow.
An ogre comes into view. It is wielding a +0 giant club.
The ogre shouts!
You see here a scroll of teleportation.
A gnoll comes into view. It is wielding a +0 spear.
The ogre hits you with a +0 giant club!
You barely miss the ogre. The ogre hits you but does no damage.
You hit the ogre.
The ogre is lightly wounded.
The ogre hits you with a +0 giant club.
You barely miss the ogre. You headbutt the ogre.
The ogre is lightly wounded.
The gnoll closely misses you.
You hit the ogre.
The ogre is lightly wounded.
The ogre barely misses you. You furiously retaliate!
You headbutt the ogre.
The gnoll hits you from afar with a +0 spear.
You barely miss the ogre. You headbutt the ogre!
The ogre is severely wounded.
The gnoll hits you but does no damage. The ogre hits you with a +0 giant club.
You hit the ogre. Your headbutt misses the ogre.
The ogre is severely wounded.
The gnoll barely misses you.
The ogre hits you with a +0 giant club!!
* * * LOW HITPOINT WARNING * * *
You barely miss the ogre.
The ogre is severely wounded.
The gnoll hits you but does no damage.
You hit the ogre.
The ogre is almost dead.
You block the gnoll's attack. The ogre barely misses you.
You hit the ogre.
The ogre is almost dead.
The gnoll hits you but does no damage.
The ogre hits you with a +0 giant club!!
You die...

###.##..# #.# # #.#
#...[...# ##.# ##.
#.#.##.#.#...###...
...##. .........##....
#.#.. #.#.#.#.#.#.....
....###...)..........
#g..#.###.###.#.....
#.##$#..###.###.##....
#...O@?.........###...
####.##.######### ##.#
#....# #.. ###### ###


You could see an ogre and a gnoll.

Vanquished Creatures
  Pikel (D:3)
  A black bear (D:4)
  An ogre (D:4)
  A centaur (D:5)
  2 lemures (D:3)
  An orc priest (D:3)
  Ijyb (D:3)
  Terence (D:2)
  Natasha (thrice) (D:4)
  Robin (D:3)
  8 adders
  A white imp (D:5)
  A worm (D:4)
  5 dart slugs
  12 orcs
  4 bats
  7 endoplasms
  14 goblins
  12 hobgoblins
  8 jackals (D:1)
  10 kobolds
  6 quokkas
  4 ball pythons
  6 frilled lizards
  9 rats
120 creatures vanquished.

Notes
Turn   | Place    | Note
-------+----------+-------------------------------------------
     0 | D:1      | Peloso the Minotaur Fighter began the quest for the Orb.
     0 | D:1      | Reached XP level 1. HP: 19/19 MP: 0/0
   190 | D:1      | Reached XP level 2. HP: 27/27 MP: 1/1
   380 | D:1      | Reached XP level 3. HP: 26/33 MP: 2/2
   766 | D:2      | Noticed Terence
   779 | D:2      | Killed Terence
   782 | D:2      | Reached XP level 4. HP: 29/40 MP: 3/3
  1384 | D:3      | Noticed Ijyb
  1394 | D:3      | Killed Ijyb
  1395 | D:3      | Reached XP level 5. HP: 38/47 MP: 4/4
  1645 | D:3      | Found a faded altar of an unknown god.
  1764 | D:3      | Identified the +0 helmet "Coci" {rPois Regen+ Dex-5}
  1764 | D:3      | Noticed Robin
  1795 | D:3      | Killed Robin
  1909 | D:4      | Noticed a lemure
  1909 | D:4      | Noticed a lemure
  1909 | D:4      | Noticed a lemure
  1910 | D:4      | Noticed Pikel
  1913 | D:4      | Noticed a lemure
  1944 | D:3      | Killed a lemure
  1946 | D:3      | Killed a lemure
  2054 | D:3      | Killed Pikel
  2055 | D:3      | Reached skill level 5 in Fighting
  2055 | D:3      | Reached skill level 5 in Long Blades
  2055 | D:3      | Reached skill level 1 in Dodging
  2055 | D:3      | Reached skill level 5 in Shields
  2055 | D:3      | Reached XP level 6. HP: 16/56 MP: 5/5
  2055 | D:3      | Reached XP level 7. HP: 18/61 MP: 6/6
  2253 | D:4      | Found a staircase to the Ecumenical Temple.
  2255 | D:4      | Noticed Natasha
  2259 | D:4      | Killed Natasha
  2295 | Temple   | Entered the Ecumenical Temple
  2435 | Temple   | Became a worshipper of Warmaster Okawaru
  2474 | D:4      | Noticed Natasha
  2478 | D:4      | Killed Natasha
  2487 | D:4      | Noticed Natasha
  2494 | D:4      | Killed Natasha
  2876 | D:5      | Entered Level 5 of the Dungeon
  2966 | D:5      | Reached XP level 8. HP: 67/70 MP: 7/7
  2993 | D:5      | Slain by an ogre

Illustrated notes

Levels and vault maps discovered:
D:1:      erik_arrival_cave_to_civilisation [erik_arrival_cave_to_hall],
          layout_rooms, amethyst_killhole
D:2:      layout_rooms, minmay_misc_feat_five, uniq_terence
D:3:      layout_basic, shapermc_ecumenical_altar_hornbeckon, uniq_ijyb,
          uniq_robin
D:4:      layout_cave_pools, minmay_temple_entry_grid, uniq_pikel, uniq_natasha
D:5:      minmay_angry_zag, layout_loops_ring, ebering_ghost_sewer_d
Temple:   nicolae_temple_slightly_damp_pantheon

Skill      XL: |  1  2  3  4  5  6  7 |
---------------+----------------------+-----
Fighting       | 4 5 6 |  6.1
Shields        | 4 5 6 |  6.1
Armour         | 4 6 |  6.9
Long Blades    | 3 5 6 |  6.6
Dodging        | 1 |  1.6

Action                     |  1- 3 |  4- 6 |  7- 9 || total
---------------------------+-------+-------+-------++-------
  Melee: Long sword        |    69 |   154 |    99 ||   322
         Headbutt          |    13 |    25 |    19 ||    57
    Use: Scroll            |     6 |     1 |     4 ||    11
         Potion            |     1 |     2 |       ||     3
 Armour: Scale mail        |    51 |    30 |       ||    81
         Chain mail        |       |    49 |    62 ||   111
  Dodge: Dodged            |    41 |    75 |    46 ||   162
  Block: Buckler           |    22 |    40 |    25 ||    87
